 Dungeon Crawl Stone Soup version 0.30-b1-2-g02819fbbbe (webtiles) character file.

Game seed: 12139611753335882621

1151 erloom the Slasher (level 7, -2/57 HPs)
             Began as a Demigod Fighter on May 29, 2023.
             Killed from afar by Blork the orc (20 damage)
             ... with a bolt of light
             ... on level 6 of the Dungeon.
             The game lasted 00:12:38 (5974 turns).

erloom the Slasher (Demigod Fighter)                Turns: 5974, Time: 00:12:38

Health: -2/57      AC:  8    Str: 17    XL:     7   Next: 93%
Magic:  9/9        EV: 13    Int: 10    God:
Gold:   1610       SH:  0    Dex: 27    Spells: 6/6 levels left

rFire   + . .        a - +0 long sword
rCold   . . .        c - +0 buckler
rNeg    . . .        A - +0 ring mail
rPois   .            s - +1 helmet
rElec   .            (no cloak)
rCorr   .            (no gloves)
SInv    .            n - +0 pair of boots
Will    .....        D - amulet of the acrobat Stlth
                     u - ring of protection from fire
HPRegen 0.29/turn    G - +6 ring of dexterity
MPRegen 0.11/turn

%: acrobat
@: confused
A: high MP 1, forlorn, divine attributes
a: no special abilities


You were on level 6 of the Dungeon.
You visited 1 branch of the dungeon, and saw 6 of its levels.

You collected 1610 gold pieces.

Inventory:

Hand Weapons
 a - a +0 long sword (weapon)
 r - a +0 falchion
Missiles
 C - 6 silver javelins (quivered)
 H - a throwing net
Armour
 b - a +0 scale mail
 c - a +0 buckler (worn)
 f - an orb of light
 n - a +0 pair of boots (worn)
 s - a +1 helmet (worn)
 w - a +0 leather armour
 A - a +0 ring mail (worn)
 I - the scarf "Waram" {harm, rF- Dex+3}
   (You found it on level 6 of the Dungeon)

   Dex:       It affects your dexterity (+3).
   rF:        It makes you vulnerable to fire.
Jewellery
 u - a ring of protection from fire (left hand)
 y - a ring of resist corrosion
 D - an amulet of the acrobat (around neck)
 E - a ring of magical power
 G - a +6 ring of dexterity (right hand)
Wands
 F - a wand of polymorph (1)
 J - a wand of light (9)
Scrolls
 e - a scroll of poison
 i - a scroll of vulnerability {unknown}
 l - a scroll of fear {unknown}
 m - 2 scrolls of enchant weapon {unknown}
 o - 2 scrolls of fog {unknown}
 p - 3 scrolls of teleportation
 x - a scroll of blinking {unknown}
Potions
 d - a potion of might
 g - a potion of lignification
 h - 2 potions of attraction
 q - a potion of flight
 t - a potion of curing
 v - a potion of resistance
 z - 3 potions of degeneration
 B - a potion of ambrosia


   Skills:
 - Level 3.0 Fighting
 + Level 7.1 Long Blades
 - Level 2.6 Armour
 + Level 4.0 Dodging
 + Level 3.5 Shields
 - Level 2.0 Evocations


You had 6 spell levels left.
You didn't know any spells.
Your spell library contained the following spells:

 Spells                   Type           Power      Damage    Failure   Level
 Slow                     Hex            0%         N/A       65%         1
 Sting                    Tmut/Pois      0%         1d3       65%         1
 Poisonous Vapours        Pois/Air       0%         N/A       78%         2
 Confusing Touch          Hex            0%         N/A       95%         3
 Inner Flame              Hex/Fire       0%         N/A       95%         3
 Vampiric Draining        Necr           0%         2d6       95%         3
 Olgreb's Toxic Radiance  Pois           0%         N/A       100%        4
 Yara's Violent Unravell  Hex/Tmut       0%         3d3       100%        5
 Enfeeble                 Hex            0%         N/A       100%        7


Dungeon Overview and Level Annotations

Branches:
Dungeon (6/15)
 Temple: D:4-7

Shops:
D:1 (   D:3 !

Annotations:
D:3 Terence
D:5 1 runed translucent door, exclusion: vampire mosquito, decrepitude's ghost, novice DjEE
D:6 Blork the orc; Sigmund


Innate Abilities, Weirdness & Mutations

You have an increased reservoir of magic. (+10% MP)
You shall have no god before yourself.
Your divine heritage dramatically boosts your attributes as you level up.


Message History

You miss something. Something hits you.
You hit something. You barely miss something. Something hits you!
You slash something! Something hits you but does no damage.
Blork the orc comes into view.
He is wielding a +1 short sword of protection and carrying a wand of light (8).
You closely miss something.
You hear some strange, mumbled words.
A magic dart appears from out of thin air!
The magic dart hits you but does no damage.
You closely miss something.
You hear some strange, mumbled words.
A puff of flame appears from out of thin air!
The puff of flame hits you. You resist.
Blork the orc shouts!
You hit something. Something hits you. Blork the orc casts a spell at you.
The puff of flame hits you. You resist.
Blork the orc begins to cast a cantrip, but forgets the words!
A magic dart appears from out of thin air!
The magic dart hits you.
A magic dart appears from out of thin air!
The magic dart hits you! Blork the orc casts a spell at you.
The magic dart hits something.
A magic dart appears from out of thin air!
The magic dart hits you.
You are confused.
Something tries to affect you, but you resist.
Blork the orc gestures wildly while chanting.
Blork the orc seems to speed up.
You bump into the rock wall.
Blork the orc zaps a wand.
The bolt of light hits you.
You are more confused.
You bump into the rock wall.
You bump into the rock wall.
Blork the orc points at you and mumbles some strange words.
The magic dart hits you.
Blork the orc zaps a wand.
The bolt of light hits you!!
You are more confused.
You die...

######...#...##......##...
#....#.([.................
###.........................
#.........#......####.......
###.......<##.......# #.......
##...........#......####.......
#......####..#...........##...{
##..#### ###.....o.....## ##).
#### ##@.........####..#
##............##.#
#...............#
#................
#................
#.................
...#....#.........
..####.#......... ###.........


You could see Blork the orc (fast).

Vanquished Creatures
  Menkaure (D:4)
  A vampire mosquito (D:5)
  A water moccasin (D:6)
  An ice beast (D:5)
  A phantom (D:6)
  A scorpion (D:6)
  3 hounds
  A jelly (D:6)
  A sleepcap (D:6)
  4 iguanas
  An orc wizard (D:5)
  A scorpion zombie (D:4)
  Robin (D:2)
  7 gnolls
  5 adders
  A white imp (D:6)
  An ufetubus (D:6)
  An adder zombie (D:4)
  4 worms
  2 dart slugs
  13 orcs
  8 endoplasms
  A giant cockroach (D:3)
  6 hobgoblins
  5 jackals
  10 kobolds
  6 quokkas
  11 ball pythons
  9 bats
  3 frilled lizards
  17 goblins
  7 rats
135 creatures vanquished.

Notes
Turn   | Place    | Note
-------+----------+-------------------------------------------
     0 | D:1      | erloom the Demigod Fighter began the quest for the Orb.
     0 | D:1      | Reached XP level 1. HP: 18/18 MP: 3/3
    24 | D:1      | Reached skill level 2 in Long Blades
   208 | D:1      | Reached XP level 2. HP: 20/25 MP: 4/4
   401 | D:1      | Found Moel Des's Weapon Emporium.
   440 | D:1      | Reached skill level 3 in Long Blades
   829 | D:2      | Reached XP level 3. HP: 11/30 MP: 5/5
  1130 | D:2      | HP: 1/30 [poisoned by a goblin]
  1286 | D:2      | Reached skill level 4 in Long Blades
  1351 | D:2      | Noticed Robin
  1413 | D:2      | Killed Robin
  1414 | D:2      | Reached XP level 4. HP: 16/37 MP: 6/6
  2158 | D:3      | Noticed Terence
  2198 | D:3      | Found Furyelapp's Distillery.
  2368 | D:3      | Reached skill level 5 in Long Blades
  2465 | D:3      | Reached XP level 5. HP: 42/42 MP: 7/7
  2780 | D:4      | Noticed Menkaure
  2786 | D:4      | HP: 2/42 [Menkaure (19)]
  2788 | D:4      | Killed Menkaure
  2789 | D:4      | Reached skill level 6 in Long Blades
  3522 | D:4      | Reached XP level 6. HP: 46/50 MP: 8/8
  3555 | D:5      | Entered Level 5 of the Dungeon
  3675 | D:5      | Noticed a vampire mosquito
  3675 | D:5      | Noticed a vampire mosquito
  3694 | D:5      | Killed a vampire mosquito
  4454 | D:5      | Reached XP level 7. HP: 42/57 MP: 9/9
  4577 | D:5      | Found a runed translucent door.
  4584 | D:5      | Noticed decrepitude's ghost (novice DjEE)
  5044 | D:6      | Identified the scarf "Waram" {harm, rF- Dex+3}
  5172 | D:6      | Noticed Eustachio
  5213 | D:6      | Eustachio changed into Eustachio the iguana
  5213 | D:6      | Noticed Eustachio
  5214 | D:6      | Noticed Sigmund
  5222 | D:6      | Killed Eustachio the iguana
  5361 | D:6      | Reached skill level 1 in Evocations
  5599 | D:6      | Reached skill level 7 in Long Blades
  5653 | D:6      | Identified a scroll of acquirement
  5655 | D:6      | Acquired 1320 gold pieces
  5948 | D:6      | Noticed Blork the orc
  5974 | D:6      | Killed from afar by Blork the orc

Illustrated notes

Levels and vault maps discovered:
D:1:      saegor_arrival_simple_c, layout_rooms, serial_shops,
          nicolae_shop_just_a_little_nook, serial_aquarium,
          aquarium_bridge_straight [aquarium_subvault_bridge,
          aquarium_subvault_wall, aquarium_subvault_bridge,
          aquarium_subvault_window], aquarium_window_2, aquarium_window_fake,
          aquarium_window_1, aquarium_window_1, aquarium_view_2d,
          aquarium_view_2f, nicolae_concentric_dashed_squares_wild,
          nicolae_wormholes
D:2:      layout_basic, basic_ecumenical_altar, minmay_randomly_rotated_circles,
          uniq_robin
D:3:      layout_rooms, nicolae_overflow_squiral, serial_shops, shop_fountains,
          uniq_terence
D:4:      layout_basic, lemuel_zombie_altar_yredelemnul, uniq_menkaure
D:5:      layout_gridville, nicolae_hepliaklqana_hippocampus,
          mainiacjoe_overflow_cross_hatched, general_overflow_altar,
          ebering_ghost_sewer_d
D:6:      layout_cave_pools, trog_butcher_becter, mainiacjoe_overflow_24_doors,
          uniq_blork_the_orc, uniq_eustachio, uniq_sigmund

Skill      XL: |  1  2  3  4  5  6  7 |
---------------+----------------------+-----
Long Blades    | 2 3 4 5 6 7 |  7.1
Fighting       | 3 |  3.0
Dodging        | 2 4 |  4.0
Shields        | 3 |  3.5
Evocations     | 2 |  2.0
Armour         | |  2.6

Action                     |  1- 3 |  4- 6 |  7- 9 || total
---------------------------+-------+-------+-------++-------
  Melee: Long sword        |   195 |   232 |    86 ||   513
  Throw: Javelin           |       |       |     1 ||     1
  Evoke: Wand              |       |       |     2 ||     2
    Use: Potion            |     1 |     5 |       ||     6
         Scroll            |       |       |     8 ||     8
 Armour: Scale mail        |    98 |    50 |       ||   148
         Ring mail         |       |    29 |    27 ||    56
  Dodge: Dodged            |    91 |   143 |    46 ||   280
  Block: Buckler           |    69 |    79 |    24 ||   172
